 Dungeon Crawl Stone Soup version 0.29-a0-409-gd843f3a48c (webtiles) character file.

Game seed: 1580486080882232457

214 zeratav the Digger (level 5, -4/31 HPs)
             Began as an Octopode Earth Elementalist on May 14, 2022.
             Slain by a lemure (7 damage)
             ... led by Pikel
             ... on level 4 of the Dungeon.
             The game lasted 00:06:04 (3467 turns).

zeratav the Digger (Octopode Earth Elementalist)    Turns: 3467, Time: 00:06:05

Health: -4/31      AC:  1    Str:  7    XL:     5   Next: 92%
Magic:  5/10       EV: 13    Int: 19    God:
Gold:   197        SH:  5    Dex: 13    Spells: 6/10 levels left

rFire   . . .      SeeInvis .   g - +4 dagger {short}
rCold   . . .      Faith    .   (no shield)
rNeg    . . .      Spirit   .   (helmet restricted)
rPois   .          Reflect  +   e - amulet of reflection
rElec   .          Harm     .   (no ring)
rCorr   .          Rampage  .   (no ring)
Will    .....                   (no ring)
Stlth   +++.......              (no ring)
HPRegen 0.10/turn               (no ring)
MPRegen 0.12/turn               (no ring)
                                (no ring)
                                (no ring)

@: no status effects
A: almost no armour, amphibious, 8 rings, camouflage 1, gelatinous body 1,
(nimble swimmer 1), tentacles
a: no special abilities


You were on level 4 of the Dungeon.
You visited 1 branch of the dungeon, and saw 4 of its levels.

You collected 233 gold pieces.
You spent 36 gold pieces at shops.


Innate Abilities, Weirdness & Mutations

You cannot wear most types of armour.
You are amphibious.
You can wear up to eight rings at the same time.
Your skin changes colour to match your surroundings (Stealth+).
Your rubbery body absorbs attacks. (AC +1, EV +1)
((You are camouflaged when in or above water. (Stealth+)))
You have tentacles for arms and can constrict up to eight enemies at once.


   Skills:
 - Level 2.0 Dodging
 - Level 2.6 Stealth
 + Level 3.4 Spellcasting
 - Level 1.0 Transmutations
 * Level 5.5 Earth Magic


You had 6 spell levels left.
You knew the following spells:

 Your Spells              Type           Power      Damage    Failure   Level
a - Sandblast             Erth           48%        2d12      1%          1
b - Stone Arrow           Conj/Erth      26%        3d8       14%         3

Your spell library contained the following spells:

 Spells                   Type           Power      Damage    Failure   Level
 Passwall                 Tmut/Erth      12%        N/A       6%          2
 Petrify                  Tmut/Erth      15%        N/A       36%         4
 Gell's Gravitas          Tloc           3%         N/A       41%         3
 Lesser Beckoning         Tloc           3%         N/A       41%         3
 Teleport Other           Tloc           3%         N/A       41%         3

Inventory:

Hand Weapons
 g - a +4 dagger (weapon) {short}
   (You took it off a goblin on level 1 of the Dungeon)
Missiles
 a - 147 stones {throwing}
Jewellery
 e - an amulet of reflection (around mantle)
   (You found it on level 1 of the Dungeon)
 k - an amulet of the acrobat
   (You found it on level 2 of the Dungeon)
Wands
 o - a wand of iceblast (6)
   (You found it on level 3 of the Dungeon)
Scrolls
 d - a scroll of summoning {unknown}
 i - 3 scrolls of vulnerability {unknown}
 j - 4 scrolls of identify {unknown}
 l - a scroll of poison {unknown}
Potions
 c - 3 potions of curing {unknown}
 f - 2 potions of ambrosia {unknown}
 h - a potion of brilliance {unknown}
 m - a potion of cancellation {unknown}
 n - a potion of invisibility {unknown}

Dungeon Overview and Level Annotations

Branches:
Dungeon (4/15)
 Temple: D:4-7

Altars:
Okawaru

Shops:
D:3

? ....##.....# ...
#.....# .# ####'## #.#
########
#.#########......# ###
#>........'....... ..#
#.#########....).. #.#
#5# #.....(. #.# #@#
#######. #.# #.# ###
### #.# #.# ##'## #..
#.# #.# #...# #.#
########.###.#####...#
#.#
#...............##...#
#.#
#######..............#
#.#
#####.####.##.###'##
#.. #.#####.....#
#.##.# #.# ###


You could see a lemure.


Message History

Aiming: Stone Arrow (quite dangerous; 14% risk of failure)
Press: ? - help, Shift-Dir - straight line, f/p - lemure
Aim: a lemure (heavily wounded, 60% to hit)
The stone arrow misses the lemure. x2
MP[-3]
You lost 3 mp, and now have 4/10 mp.
Casting: Stone Arrow (quite dangerous; 14% risk of failure)
Confirm with . or Enter, or press ? or * to list all spells.
The spell is quite dangerous to miscast (14% risk of failure)!
Continue anyway?
Aiming: Stone Arrow (quite dangerous; 14% risk of failure)
Press: ? - help, Shift-Dir - straight line, f/p - lemure
Aim: a lemure (heavily wounded, 60% to hit)
The stone arrow hits the lemure!
MP[-3]
You lost 3 mp, and now have 1/10 mp.
You miss the lemure. You grab the lemure.
You constrict the lemure, but do no damage.
The lemure barely misses you.
You hit the lemure.
You constrict the lemure, but do no damage.
The lemure hits you!
HP[-9]
You take 9 damage, and now have 22/31 hp.
MASSIVE DAMAGE!! (PAUSE)
You hit the lemure.
You squeeze the lemure, but do no damage.
You constrict the lemure, but do no damage.
The lemure closely misses you.
You hit the lemure.
You kill the lemure!
That felt strangely unrewarding.
Casting: Stone Arrow (quite dangerous; 14% risk of failure)
Confirm with . or Enter, or press ? or * to list all spells.
Aiming: Sandblast (safe; 1% risk of failure)
Press: ? - help, Shift-Dir - straight line, f - lemure
Aim: a lemure (76% to hit)
The blast of sand misses the lemure.
The blast of sand hits the lemure but does no damage.
The lemure barely misses you.
Casting: Sandblast (safe; 1% risk of failure)
Confirm with . or Enter, or press ? or * to list all spells.
Aiming: Sandblast (safe; 1% risk of failure)
Press: ? - help, Shift-Dir - straight line, f/p - lemure
Aim: a lemure (76% to hit)
The blast of sand hits the lemure!
The lemure barely misses you.
MP[-1]
You lost 1 mp, and now have 0/10 mp.
Magic courses through your body. The lemure hits you!
* * * LOW HITPOINT WARNING * * *
HP[-7] MP[+10]
You take 7 damage, and now have 15/31 hp.
MASSIVE DAMAGE!! (PAUSE)
Your mp is fully restored (10).
Casting: Sandblast (safe; 1% risk of failure)
Confirm with . or Enter, or press ? or * to list all spells.
Aiming: Sandblast (safe; 1% risk of failure)
Press: ? - help, Shift-Dir - straight line, f/p - lemure
Aim: a lemure (moderately wounded, 76% to hit)
The blast of sand hits the lemure.
The lemure hits you but does no damage.
MP[-1]
You lost 1 mp, and now have 9/10 mp.
Casting: Sandblast (safe; 1% risk of failure)
Confirm with . or Enter, or press ? or * to list all spells.
Aiming: Sandblast (safe; 1% risk of failure)
Press: ? - help, Shift-Dir - straight line, f/p - lemure
Aim: a lemure (heavily wounded, 76% to hit)
The blast of sand misses the lemure.
The blast of sand hits the lemure!
The lemure hits you.
* * * LOW HITPOINT WARNING * * *
HP[-5] MP[-1]
You take 5 damage, and now have 10/31 hp.
You lost 1 mp, and now have 8/10 mp.
Casting: Sandblast (safe; 1% risk of failure)
Confirm with . or Enter, or press ? or * to list all spells.
Aiming: Sandblast (safe; 1% risk of failure)
Press: ? - help, Shift-Dir - straight line, f/p - lemure
Aim: a lemure (heavily wounded, 76% to hit)
The blast of sand hits the lemure!
The lemure hits you!
* * * LOW HITPOINT WARNING * * *
HP[-7] MP[-1]
You take 7 damage, and now have 3/31 hp.
MASSIVE DAMAGE!! (PAUSE)
You lost 1 mp, and now have 7/10 mp.
Casting: Sandblast (safe; 1% risk of failure)
Confirm with . or Enter, or press ? or * to list all spells.
Aiming: Sandblast (safe; 1% risk of failure)
Press: ? - help, Shift-Dir - straight line, f/p - lemure
Aim: a lemure (severely wounded, 76% to hit)
The blast of sand hits the lemure!
You kill the lemure!
That felt strangely unrewarding.
MP[-1]
You lost 1 mp, and now have 6/10 mp.
Casting: Sandblast (safe; 1% risk of failure)
Confirm with . or Enter, or press ? or * to list all spells.
Aiming: Sandblast (safe; 1% risk of failure)
Press: ? - help, Shift-Dir - straight line, f - lemure
Aim: a lemure (heavily wounded, 76% to hit)
The blast of sand hits the lemure!
The lemure hits you!
You die...

Skill      XL: |  1  2  3  4 |
---------------+-------------+-----
Earth Magic    | 4 5 |  5.5
Spellcasting   | 3 |  3.4
Dodging        | |  2.0
Stealth        | |  2.6
Transmutations | |  1.0

Action                   |  1- 3 |  4- 6 || total
-------------------------+-------+-------++-------
Melee: Unarmed           |     4 |       ||     4
       Tentacles         |    12 |     5 ||    17
       Constrict         |    11 |    11 ||    22
       Dagger            |    49 |    30 ||    79
 Cast: Sandblast         |     9 |    35 ||    44
       Stone Arrow       |       |     3 ||     3
  Use: Scroll            |       |     1 ||     1
       Potion            |       |     1 ||     1
 Stab: Sleeping          |    15 |     2 ||    17
       Distracted        |       |     1 ||     1
Armor: Skin              |       |     2 ||     2
Dodge: Dodged            |    29 |    27 ||    56
Block: Other             |     9 |     5 ||    14
       Reflection        |     1 |       ||     1

Levels and vault maps discovered:
D:1:      scummos_arrival_hexagon, layout_basic,
          hellmonk_ecumenical_altar_crossroads
D:2:      layout_basic
D:3:      layout_rooms, okawaru_altar_gauntlet_db, serial_shops,
          nicolae_lakefront_shop, roderic_st_hans_cross, minmay_pentomino_pile
D:4:      layout_basic, kennysheep_generic_room_13, uniq_pikel

Notes
Turn   | Place    | Note
-------+----------+-------------------------------------------
     0 | D:1      | zeratav the Octopode Earth Elementalist began the quest for
                  | the Orb.
     0 | D:1      | Reached XP level 1. HP: 11/11 MP: 3/3
     0 | D:1      | magus.rc [v1.9.6]
    40 | D:1      | Found a faded altar of an unknown god.
   278 | D:1      | Reached XP level 2. HP: 17/17 MP: 5/5
   412 | D:1      | You pick up a book of Displacement and begin reading...
   412 | D:1      | You add the spells Lesser Beckoning, Gell's Gravitas and
                  | Teleport Other to your library.
   940 | D:2      | Reached XP level 3. HP: 21/21 MP: 6/6
  1092 | D:2      | Reached skill level 4 in Earth Magic
  1599 | D:3      | Noticed a black bear
  1682 | D:3      | Learned a level 3 spell: Stone Arrow
  1859 | D:3      | Found Kykirche's Magic Scroll Boutique.
  1869 | D:3      | Bought a scroll of teleportation for 36 gold pieces
  2054 | D:3      | Reached XP level 4. HP: 16/27 MP: 6/8
  2410 | D:3      | magus.rc [v1.9.6]
  2448 | D:3      | Found an iron altar of Okawaru.
  2536 | D:3      | Killed a black bear
  2537 | D:3      | Reached skill level 3 in Spellcasting
  2537 | D:3      | Reached skill level 5 in Earth Magic
  2537 | D:3      | Reached XP level 5. HP: 10/31 MP: 4/9
  2990 | D:4      | Noticed a lemure
  3440 | D:4      | Noticed a lemure
  3440 | D:4      | Noticed a lemure
  3442 | D:4      | Noticed a lemure
  3459 | D:4      | Killed a lemure
  3465 | D:4      | HP: 3/31 [lemure[Pikel] (8)]
  3466 | D:4      | Killed a lemure
  3467 | D:4      | Slain by a lemure

Vanquished Creatures
  A black bear (D:3)
  2 lemures (D:4)
  2 gnolls (D:3)
  2 adders
  A worm (D:4)
  4 orcs (D:3)
  5 bats
  6 endoplasms
  4 giant cockroaches
  9 goblins
  5 hobgoblins
  9 jackals
  13 kobolds
  A quokka (D:1)
  9 ball pythons
  A frilled lizard (D:3)
  6 rats
80 creatures vanquished.

Table legend:
 A = Non-vault XP
 B = Vault XP
 C = Vault XP percentage of total XP
 D = Non-vault monster count
 E = Vault monster count
 F = Vault count percentage of total count
                 A         B        C        D         E       F
            +---------+---------+-------+---------+---------+-------
      Total |     261 |      46 |  15.0 |      68 |      10 |  12.8
            +---------+---------+-------+---------+---------+-------
        D:1 |      20 |       0 |   0.0 |      13 |       0 |   0.0
        D:2 |      43 |       0 |   0.0 |      19 |       0 |   0.0
        D:3 |     157 |      46 |  22.7 |      21 |      10 |  32.3
        D:4 |      41 |       0 |   0.0 |      15 |       0 |   0.0
            +---------+---------+-------+---------+---------+-------

Illustrated notes

Table legend:
 A = Kills in this place as a percentage of kills in entire the game.
 B = Kills by you in this place as a percentage of kills by you in the entire game.
 C = Kills by friends in this place as a percentage of kills by friends in the entire game.
 D = Other kills in this place as a percentage of other kills in the entire game.
 E = Experience gained in this place as a percentage of experience gained in the entire game.
 F = Experience gained in this place divided by the number of levels of this place that you have seen.
                   A       B       C       D       E      F
               +-------+-------+-------+-------+-------+----------------------
         Total | 100.0 | 100.0 |   N/A |   N/A | 100.0 |  76.8
       Dungeon | 100.0 | 100.0 |   N/A |   N/A | 100.0 |  76.8
               +-------+-------+-------+-------+-------+----------------------

Table legend: (Time is in decaauts)
 A = Elapsed time spent in this place.
 B = Non-inter-level travel time spent in this place.
 C = Inter-level travel time spent in this place.
 D = Time resting spent in this place.
 E = Time spent auto-exploring this place.
 F = Levels seen in this place.
 G = Mean time per level.
                   A        B        C        D        E       F      G
               +--------+--------+--------+--------+--------+-----+--------+
         Total |   3466 |   3264 |    202 |    479 |   2253 |   4 |  866.5 |
       Dungeon |   3466 |   3264 |    202 |    479 |   2253 |   4 |  866.5 |
               +--------+--------+--------+--------+--------+-----+--------+

Top non-repeatable levels by time:
     D:3: 1163 daAuts
     D:2: 877 daAuts
     D:1: 785 daAuts
     D:4: 640 daAuts
